 Dungeon Crawl Stone Soup version 0.29-a0-284-gf9362112df (webtiles) character file.

Game seed: 10591623760237656520

188 horus123 the Magician (level 5, -3/28 HPs)
             Began as a Deep Elf Conjurer on Mar 16, 2022.
             Killed by nerve-wracking pain
             ... invoked by Grinder
              (14 damage)
             ... on level 3 of the Dungeon.
             The game lasted 00:03:23 (3346 turns).

horus123 the Magician (Deep Elf Conjurer)           Turns: 3346, Time: 00:03:23

Health: -3/28      AC:  2    Str:  4    XL:     5   Next: 39%
Magic:  8/16       EV: 12    Int: 25    God:
Gold:   127        SH:  0    Dex: 13    Spells: 15/18 levels left

rFire   . . .      SeeInvis .   d - +0 dagger (speed)
rCold   . . .      Faith    .   (no shield)
rNeg    . . .      Spirit   .   a - +0 robe
rPois   .          Reflect  .   (no helmet)
rElec   .          Harm     .   (no cloak)
rCorr   .          Rampage  .   (no gloves)
Will    .....                   (no boots)
Stlth   ++........              (no amulet)
HPRegen 0.09/turn               (no ring)
MPRegen 0.15/turn               (no ring)

@: no status effects
A: no striking features
a: no special abilities


You were on level 3 of the Dungeon.
You visited 1 branch of the dungeon, and saw 3 of its levels.

You collected 127 gold pieces.

Inventory:

Hand Weapons
 d - a +0 dagger of speed (weapon)
Armour
 a - a +0 robe (worn)
Magical Staves
 l - a staff of death
Jewellery
 e - a ring of ice
Scrolls
 c - a scroll of noise {unknown}
 f - 2 scrolls of immolation {unknown}
 h - 2 scrolls of identify {unknown}
 i - a scroll of enchant armour {unknown}
 k - a scroll of amnesia {unknown}
Potions
 b - a potion of magic
 g - 2 potions of degeneration {unknown}
 j - 2 potions of curing {unknown}


   Skills:
 - Level 2.4 Dodging
 - Level 2.4 Stealth
 - Level 7.0 Spellcasting
 + Level 5.1 Conjurations


You had 15 spell levels left.
You knew the following spells:

 Your Spells              Type           Power      Damage    Failure   Level
a - Magic Dart            Conj           100%       1d8       1%          1
b - Searing Ray           Conj           68%        2d6       1%          2

Your spell library contained the following spells:

 Spells                   Type           Power      Damage    Failure   Level
 Dazzling Flash           Conj/Hex       42%        N/A       7%          3
 Fulminant Prism          Conj/Hex       10%        3d9       24%         4
 Iskenderun's Mystic Bla  Conj/Tloc      21%        2d6       24%         4


Dungeon Overview and Level Annotations

Branches:
Dungeon (3/15)

Altars:

Annotations:
D:3 Grinder


Message History

Grinder is moderately wounded.
Grinder blinks!
Casting: Magic Dart (safe; 1% risk of failure)
Confirm with . or Enter, or press ? or * to list all spells.
You can't see any susceptible monsters within range! (Use Z to cast anyway.) Unknown command.
Unknown command.
Casting: Magic Dart (safe; 1% risk of failure)
Confirm with . or Enter, or press ? or * to list all spells.
Aiming: Searing Ray (safe; 1% risk of failure)
Press: ? - help, Shift-Dir - straight line, f/p - Grinder
Aim: Grinder (moderately wounded, 78% to hit)
The searing ray hits Grinder.
Grinder is moderately wounded. (Press . to maintain the ray.) Grinder gestures at you.
Pain shoots through your body!
The searing ray misses Grinder.
Grinder barely misses you.
The searing ray hits Grinder but does no damage.
Grinder is moderately wounded.
Grinder barely misses you.
The searing ray hits Grinder!
Grinder is heavily wounded.
You finish channelling your searing ray.
Grinder barely misses you.
Casting: Searing Ray (safe; 1% risk of failure)
Confirm with . or Enter, or press ? or * to list all spells.
Aiming: Searing Ray (safe; 1% risk of failure)
Press: ? - help, Shift-Dir - straight line, f/p - Grinder
Aim: Grinder (heavily wounded, 78% to hit)
The searing ray hits Grinder!
Grinder is severely wounded. (Press . to maintain the ray.) Grinder hits you!
You writhe in agony.
The searing ray hits Grinder.
Grinder is almost dead.
Grinder gestures at you. Pain shoots through your body!
Ouch! That really hurt!
You die...

.######...#.......
.######..........#
..........#......#
.#.###...........#
.....#.#'##......#
.....#.#.##......###
....................
.......###.#.....#
.....#.# #......@#####.#
.....#.###.#.....5.....#
.#####.....#.....#.......
.# ##########..#..#.### .
####....# # #.### .# .#
.#


You could see Grinder.

Vanquished Creatures
  A howler monkey (D:3)
  4 adders
  3 gnolls (D:2)
  A worm (D:3)
  2 dart slugs
  An orc (D:2)
  3 ball pythons
  10 bats
  12 endoplasms
  3 giant cockroaches
  6 goblins
  4 hobgoblins
  4 jackals
  7 kobolds
  3 quokkas
  4 frilled lizards
  3 rats (D:1)
71 creatures vanquished.

Notes
Turn   | Place    | Note
-------+----------+-------------------------------------------
     0 | D:1      | horus123 the Deep Elf Conjurer began the quest for the Orb.
     0 | D:1      | Reached XP level 1. HP: 10/10 MP: 6/6
   148 | D:1      | Reached skill level 4 in Spellcasting
   148 | D:1      | Reached XP level 2. HP: 15/15 MP: 2/9
   151 | D:1      | Learned a level 2 spell: Searing Ray
   213 | D:1      | Found a faded altar of an unknown god.
   517 | D:1      | Reached XP level 3. HP: 19/19 MP: 4/11
   619 | D:1      | Reached skill level 5 in Spellcasting
  1537 | D:2      | Reached XP level 4. HP: 24/24 MP: 10/13
  1563 | D:2      | Reached skill level 6 in Spellcasting
  2574 | D:3      | Reached skill level 7 in Spellcasting
  2774 | D:3      | Reached XP level 5. HP: 28/28 MP: 8/16
  2933 | D:3      | Reached skill level 5 in Conjurations
  3332 | D:3      | Noticed Grinder
  3346 | D:3      | Killed from afar by Grinder

Illustrated notes

Levels and vault maps discovered:
D:1:      psy_arrival_radial01, layout_rooms, chequers_ecumenical_altar_grove
D:2:      minmay_chambers_of_twos, layout_loops_ring, minmay_pentomino_t2
D:3:      layout_basic, uniq_grinder, uniq_robin

Skill      XL: |  1  2  3  4  5 |
---------------+----------------+-----
Spellcasting   | 4 5 7 |  7.0
Conjurations   | 5 |  5.1
Dodging        | |  2.4
Stealth        | |  2.4

Action                   |  1- 3 |  4- 6 || total
-------------------------+-------+-------++-------
 Cast: Magic Dart        |    76 |    54 ||   130
       Searing Ray       |     1 |     9 ||    10
Armor: Robe              |     1 |       ||     1
Dodge: Dodged            |     3 |    10 ||    13

Table legend: (Time is in decaauts)
 A = Elapsed time spent in this place.
 B = Non-inter-level travel time spent in this place.
 C = Inter-level travel time spent in this place.
 D = Time resting spent in this place.
 E = Time spent auto-exploring this place.
 F = Levels seen in this place.
 G = Mean time per level.
                   A        B        C        D        E       F      G
               +--------+--------+--------+--------+--------+-----+--------+
         Total |   3345 |   3295 |     50 |    581 |   2437 |   3 | 1115.0 |
       Dungeon |   3345 |   3295 |     50 |    581 |   2437 |   3 | 1115.0 |
               +--------+--------+--------+--------+--------+-----+--------+

Top non-repeatable levels by time:
     D:2: 1554 daAuts
     D:1: 974 daAuts
     D:3: 815 daAuts
